 Dungeon Crawl Stone Soup version 0.29-a0-207-gf982a884d8 (webtiles) character file.

Game seed: 15247999593577900746

24 ParaBellum the Chopper (level 3, 0/29 HPs)
             Began as a Human Berserker on Feb 23, 2022.
             Was a Follower of Trog.
             Slain by a jackal (3 damage)
             ... on level 1 of the Dungeon.
             The game lasted 00:08:00 (513 turns).

ParaBellum the Chopper (Human Berserker)             Turns: 513, Time: 00:08:01

Health: 0/29       AC:  2    Str: 19    XL:     3   Next: 15%
Magic:  3/3        EV: 12    Int:  7    God:    Trog [*.....]
Gold:   61         SH:  0    Dex: 12    Spells: 2/2 levels left

rFire   . . .      SeeInvis .   a - +0 hand axe
rCold   . . .      Faith    .   (no shield)
rNeg    . . .      Spirit   .   b - +0 animal skin
rPois   .          Reflect  .   (no helmet)
rElec   .          Harm     .   (no cloak)
rCorr   .          Rampage  .   (no gloves)
Will    .....                   (no boots)
Stlth   +.........              (no amulet)
HPRegen 0.09/turn               (no ring)
MPRegen 0.08/turn               (no ring)

@: no status effects
A: no striking features
a: Renounce Religion, Berserk


You were on level 1 of the Dungeon.
You worshipped Trog.
Trog was aware of your devotion.
You visited 1 branch of the dungeon, and saw 1 of its levels.

You collected 61 gold pieces.

Inventory:

Hand Weapons
 a - a +0 hand axe (weapon)
 e - a +0 whip
 f - a +0 whip
 i - a +0 dagger
 m - a +0 dagger
Armour
 b - a +0 animal skin (worn)
 d - a +0 leather armour
 j - a +0 robe
 k - a +0 chain mail
Jewellery
 c - a ring of ice
Scrolls
 l - a scroll of enchant weapon {unknown}
 n - a scroll of noise {unknown}
Potions
 g - a potion of invisibility {unknown}
 h - a potion of berserk rage {unknown}


   Skills:
 + Level 3.2 Fighting
 + Level 3.6 Axes
 + Level 2.1 Armour
 + Level 2.1 Dodging
 + Level 0.2 Stealth


You had 2 spell levels left.
You didn't know any spells.
Your spell library was empty.

Dungeon Overview and Level Annotations

Branches:
Dungeon (1/15)

Altars:


Message History

The hobgoblin is moderately wounded.
You hit the jackal. The jackal bites you.
An endoplasm comes into view.
The jackal closely misses you. The hobgoblin hits you.
You closely miss the hobgoblin.
The hobgoblin is moderately wounded.
You hit the jackal.
You kill the jackal!
Trog accepts your kill. The hobgoblin closely misses you.
You barely miss the hobgoblin.
The hobgoblin is moderately wounded.
You closely miss the jackal.
The jackal bites you but does no damage.
A kobold comes into view. It is wielding a +0 club.
The hobgoblin hits you.
You barely miss the hobgoblin.
The hobgoblin is moderately wounded.
You barely miss the jackal. The jackal closely misses you.
The hobgoblin barely misses you. The jackal closely misses you.
You barely miss the hobgoblin.
The hobgoblin is moderately wounded.
You hit the jackal.
The jackal bites you but does no damage.
The hobgoblin barely misses you.
You hit the hobgoblin but do no damage.
The hobgoblin is moderately wounded.
You completely miss the jackal. You hit the endoplasm.
The jackal closely misses you. The hobgoblin hits you.
* * * LOW HITPOINT WARNING * * *
The jackal bites you.
* * * LOW HITPOINT WARNING * * *
The endoplasm freezes you.
You are frozen.
* * * LOW HITPOINT WARNING * * *
The jackal bites you.
* * * LOW HITPOINT WARNING * * *
The endoplasm closely misses you. The endoplasm closely misses you.
The jackal bites you.
You die...

......
#..#.....#####
#.##..
####..#..........
......
#...........# .
##
####.##..#####.#
.....##..##### #
######.........#
.................
#.####..##.###...
#.####K@##.# ..
......Jh##.# .
..####†g# .# #).#
## #.... #...#.
#...#.# ....# #
......


You could see an endoplasm, a jackal, a hobgoblin and a kobold.

Vanquished Creatures
  4 ball pythons (D:1)
  4 endoplasms (D:1)
  2 goblins (D:1)
  2 hobgoblins (D:1)
  A jackal (D:1)
  3 kobolds (D:1)
  A quokka (D:1)
  A bat (D:1)
  A frilled lizard (D:1)
  3 rats (D:1)
22 creatures vanquished.

Notes
Turn   | Place    | Note
-------+----------+-------------------------------------------
     0 | D:1      | ParaBellum the Human Berserker began the quest for the Orb.
     0 | D:1      | Reached XP level 1. HP: 18/18 MP: 1/1
    77 | D:1      | Reached XP level 2. HP: 22/24 MP: 2/2
   478 | D:1      | Reached XP level 3. HP: 24/29 MP: 3/3
   513 | D:1      | Slain by a jackal

Illustrated notes

Levels and vault maps discovered:
D:1:      elethiomel_arrival_shortcut, layout_basic

Action                   || total
-------------------------++-------
Melee: Hand axe          ||    52
       Punch             ||     1
 Stab: Sleeping          ||     2
Armor: Animal skin       ||     7
Dodge: Dodged            ||    27

Table legend: (Time is in decaauts)
 A = Elapsed time spent in this place.
 B = Non-inter-level travel time spent in this place.
 C = Inter-level travel time spent in this place.
 D = Time resting spent in this place.
 E = Time spent auto-exploring this place.
 F = Levels seen in this place.
 G = Mean time per level.
                   A        B        C        D        E       F      G
               +--------+--------+--------+--------+--------+-----+--------+
         Total |    519 |    150 |    369 |      0 |      0 |   1 |  519.0 |
       Dungeon |    519 |    150 |    369 |      0 |      0 |   1 |  519.0 |
               +--------+--------+--------+--------+--------+-----+--------+

Top non-repeatable levels by time:
     D:1: 519 daAuts
